 Dungeon Crawl Stone Soup version 0.31.0-12-g77e489cdc1 (webtiles) character file.

Game seed: 6375146065404472804

89618 FexLirch the Ripper (level 15, -41/81 HPs)
             Began as a Felid Shapeshifter on Feb 21, 2024.
             Was the Champion of Makhleb.
             Killed from afar by an eleionoma (46 damage)
             ... with a spray of wooden splinters
             ... on level 1 of the Swamp on Feb 22, 2024.
             The game lasted 02:20:30 (23987 turns).

FexLirch the Ripper (Felid Shapeshifter)           Turns: 23987, Time: 02:20:30

Health: -41/81     AC:  3    Str: 17    XL:     15   Next: 49%
Magic:  22/22      EV: 26    Int: 18    God:    Makhleb [******]
Gold:   676        SH:  0    Dex: 15    Spells: 1/14 levels left
                                        Lives:  0   Deaths: 4

rFire   + +          +
                       - Unarmed
rCold   + . .        (shield unavailable)
rNeg    . . .        (body armour unavailable)
rPois   .            (helmet unavailable)
rElec   .            (cloak unavailable)
rCorr   .            (gloves unavailable)
SInv    +            (boots unavailable)
Will    ++...        q - amulet of regeneration
Stlth   ++++         A - ring of flight
HPRegen 1.13/turn    F - +4 ring of protection
MPRegen 0.18/turn

%: clarity
@: about to teleport, blade hands, corroded, flying
A: very small, (claws 1), fangs 3, see invisible, shaggy fur 3, (stealthy paws),
no weapons or thrown items, no armour, multi-lived, clarity, fire resistance 1,
strong-willed 1
a: Begin Untransformation, Renounce Religion, Minor Destruction, Lesser Servant
of Makhleb, Major Destruction, Greater Servant of Makhleb


You were on level 1 of the Swamp.
You worshipped Makhleb.
Makhleb was exalted by your worship.
You had blades for front paws.
You visited 4 branches of the dungeon, and saw 21 of its levels.

You collected 1898 gold pieces.
You spent 1222 gold pieces at shops.

Inventory:

Jewellery
 f - a ring of positive energy
 q - an amulet of regeneration (around neck)
 r - a +6 ring of intelligence
 A - a ring of flight (left blade hand)
 D - a ring of magical power
 F - a +4 ring of protection (right blade hand)
 H - a +6 ring of strength
 K - an amulet of reflection
 M - a +6 ring of intelligence
 O - a ring of positive energy
Talismans
 b - a beast talisman
 c - a flux talisman
 k - a blade talisman
 I - the blade talisman "Xaemial" (active) {rF+++ Will- Str+3}
   (You found it on level 12 of the Dungeon)

   [blade talisman]

   Str+3:     It affects your strength (+3).
   rF+++:     It renders you almost immune to fire.
   Will-:     It decreases your willpower.
Wands
 x - a wand of roots (20)
 z - a wand of flame (49)
Scrolls
 d - 6 scrolls of teleportation
 h - 3 scrolls of blinking
 i - 2 scrolls of amnesia
 l - 5 scrolls of revelation
 n - 2 scrolls of fear
 o - a scroll of noise
 s - 5 scrolls of immolation
 u - 3 scrolls of torment
 y - 6 scrolls of poison
 G - a scroll of vulnerability
Potions
 a - 6 potions of lignification
 e - 5 potions of curing
 m - 4 potions of attraction
 p - a potion of heal wounds
 v - 2 potions of enlightenment
 w - a potion of invisibility
 B - 2 potions of haste
 C - a potion of berserk rage
 E - 4 potions of brilliance
 J - 2 potions of resistance
Miscellaneous
 L - a sack of spiders


   Skills:
 + Level 10.9 Fighting
 + Level 14.2 Dodging
 - Level 10.0 Stealth
 * Level 15.1 Unarmed Combat
 + Level 4.1 Translocations
 + Level 9.1 Invocations
 * Level 12.8 Shapeshifting


You had one spell level left.
You knew the following spells:

 Your Spells              Type           Power      Damage    Failure   Level
a - Blink                 Tloc           28%        N/A       6%          2
b - Vhi's Electric Charg  Tloc/Air       14%        N/A       67%         4
c - Manifold Assault      Tloc           14%        N/A       38%         4
d - Ozocubu's Armour      Ice            0%         N/A       54%         3

Your spell library contained the following spells:

 Spells                   Type           Power      Damage    Failure   Level
 Apportation              Tloc           28%        N/A       4%          1
 Freeze                   Ice            0%         1d3       22%         1
 Magic Dart               Conj           0%         1d3       22%         1
 Necrotise                Necr           0%         1d4       22%         1
 Call Imp                 Summ           0%         N/A       32%         2
 Mercury Vapours          Alch/Air       0%         N/A       32%         2
 Scorch                   Fire           0%         2d5       32%         2
 Frozen Ramparts          Ice            0%         1d1       54%         3
 Hailstorm                Conj/Ice       0%         3d5       54%         3
 Mephitic Cloud           Conj/Alch/Air  0%         N/A       54%         3
 Vampiric Draining        Necr           0%         2d6       54%         3
 Anguish                  Hex/Necr       0%         N/A       91%         4
 Animate Dead             Necr           0%         N/A       91%         4
 Brom's Barrelling Bould  Conj/Erth      0%         2d3       91%         4
 Flame Wave               Conj/Fire      0%         2d4       91%         4
 Martyr's Knell           Necr/Summ      0%         N/A       91%         4
 Summon Blazeheart Golem  Fire/Summ      0%         N/A       91%         4
 Arcjolt                  Conj/Air       0%         1d10      99%         5
 Curse of Agony           Necr           0%         N/A       99%         5
 Fireball                 Conj/Fire      0%         3d3       99%         5
 Freezing Cloud           Conj/Ice/Air   0%         6-21      99%         5
 Iskenderun's Battlesphe  Conj           0%         2d6       99%         5
 Metabolic Englaciation   Hex/Ice        0%         N/A       99%         5
 Conjure Ball Lightning   Conj/Air       0%         3x3d6     100%        6
 Sculpt Simulacrum        Ice/Alch       0%         N/A       100%        6
 Summon Cactus Giant      Summ           0%         N/A       100%        6
 Orb of Destruction       Conj           0%         9d5       100%        7
 Spellforged Servitor     Conj/Summ      0%         N/A       100%        7
 Maxwell's Capacitive Co  Air            0%         ∞         100%        8


Dungeon Overview and Level Annotations

Branches:
Dungeon (13/15)            Temple (0/1) D:5            Lair (5/5) D:11
  Swamp (1/4) Lair:2       Spider (0/4) Lair:2        Slime (0/5) Lair:5
    Orc (2/2) D:12            Elf (0/3) Orc:2        Vaults (0/5) D:13

Altars:
Ashenzari
Cheibriados
Dithmenos
Elyvilon
Fedhas
Gozag
Hepliaklqana
Kikubaaqudgha
Makhleb
Ru
Uskayaw
Wu Jian
Xom
The Shining One
Jiyva

Shops:
D:5 (   D:11 =   D:13 *(   Orc:2 (!?:!

Annotations:
D:7 exclusion: downstairs
Lair:1 2 transporters
Lair:4 3 runed translucent doors, Deost's ghost, journeyman DEFE; Fiha's ghost, journeyman VSSh
Lair:5 exclusion: obsidian statue
Orc:1 1 runed translucent door, hawla's ghost, journeyman MiFi


Innate Abilities, Weirdness & Mutations

You have blades for front paws.
((You have sharp claws.))
You have razor-sharp teeth.
You have supernaturally acute eyesight. (SInv)
Your thick and shaggy fur keeps you warm. (AC +3, rC+)
((Your paws help you pounce on unaware monsters.))
You are incapable of wielding weapons or throwing items.
You cannot wear armour.
You gain extra lives every three experience levels.
You possess an exceptional clarity of mind.
Your flesh is heat resistant. (rF+)
You are strong-willed. (Will+)


Message History

A bog body comes into view.
You can't see any hostile targets in range.
The bog body is unaffected.
The glob of acid misses the bog body.
The bog body gestures at you while chanting.
The bolt of cold misses you.
The puff of flame hits the bog body.
The bog body resists.
The bog body is lightly damaged.
The zap hits the bog body.
The bog body is lightly damaged.
You shred the bog body!!!
You destroy the bog body!
Makhleb accepts your kill.
You see here a potion of curing.
e - 5 potions of curing (gained 1)
You can't see any hostile targets in range.
An eleionoma comes into view.
The eleionoma moves out of view.
The zap hits the goliath frog.
The goliath frog is lightly wounded.
The stone arrow misses the goliath frog.
The eleionoma shouts!
The eleionoma flows through the trees.
The goliath frog writhes in agony!
The eleionoma hurls a spray of splinters at you.
The spray of wooden splinters hits you!!
The goliath frog hits you from afar!!
You are splashed with acid.
* * * LOW HITPOINT WARNING * * *
You slice the eleionoma!!
The eleionoma is moderately wounded.
The eleionoma barely misses you. The goliath frog hits you from afar!
* * * LOW HITPOINT WARNING * * *
The acid corrodes you!
You are splashed with acid!
* * * LOW HITPOINT WARNING * * *
As you read the scroll of teleportation, it crumbles to dust.
You feel strangely unstable. The goliath frog closely misses you.
The eleionoma hurls a spray of splinters at you.
The spray of wooden splinters hits you!!!
Ouch! That really hurt!
You die...

♣~~~..♣~[..~..~......~♣ .
♣.§~.§♣♣♣♣♣♣♣♣~.....~~♣..
♣~~.....~..~
♣♣♣♣♣♣......~§♣.♣
♣....n.~.♣♣~..♣♣♣
♣....~~♣♣~♣~.♣≈♣♣ ♣♣
♣~~~..~....~♣≈≈≈♣♣♣♣.♣♣
♣~)..~~....≈≈≈≈≈≈≈~..~♣
♣♣.~♣♣♣♣@R≈≈≈≈≈≈≈≈.~..♣♣
♣♣♣♣♣♣....♣≈≈≈≈≈♣...~.♣
♣..F...≈≈≈≈♣♣.~♣.♣♣
♣..~.....♣♣..~.~♣♣
♣♣.~~§.........♣♣
♣~.~........~~.♣
♣♣.♣.~.~..~..~♣♣♣♣♣
♣♣.~~...~.~..♣.♣.♣♣
♣~~.~....~~~~....~♣


You could see an eleionoma, a goliath frog and a bog body (wandering).

Vanquished Creatures
  Kirke (Lair:3)
  3 dire elephants (Lair:5)
  2 eleionomae (Swamp:1)
  A bunyip (Swamp:1)
  Azrael (D:13)
  Josephine (Orc:2)
  Erolcha (Orc:2)
  6 hydras
  2 alligators (Swamp:1)
  5 two-headed ogres
  2 boulder beetles
  8 death yaks
  2 orc high priests (Orc:2)
  Sonja (D:10)
  A spectral anaconda (Lair:5)
  A goliath frog (Swamp:1)
  A spriggan druid (Swamp:1)
  3 bog bodies (Swamp:1)
  8 orc knights (Orc:2)
  A deep elf pyromancer (D:13)
  3 necromancers (Lair:5)
  A will-o-the-wisp (Swamp:1)
  2 cyclopes (Orc:2)
  3 ugly things
  2 manticores
  An orc sorcerer (Orc:2)
  13 elephants
  A kobold blastminer (Orc:1)
  7 black mambas
  3 torpor snails
  Joseph (D:8)
  2 water nymphs (Swamp:1)
  14 cane toads
  An orange demon (Orc:1)
  2 dire elephant skeletons (Lair:5)
  An unseen horror (D:12)
  5 rime drakes
  Jeremiah (D:9)
  8 komodo dragons
  An efreet (D:13)
  A kobold demonologist (D:10)
  Psyche (D:8)
  2 tyrant leeches
  8 trolls
  3 hornets
  5 polar bears
  A tarantella (Lair:2)
  5 saltlings (Orc:2)
  25 blink frogs
  A raiju (Orc:1)
  9 dream sheep
  A spectral elephant (Lair:5)
  A culicivora (Lair:2)
  36 yaks
  2 spriggans (Swamp:1)
  6 slime creatures
  5 wyverns
  5 wraiths (Orc:2)
  A dire elephant simulacrum (Lair:5)
  A vampire (D:10)
  3 shadows
  Eustachio (D:6)
  A fire bat (Orc:1)
  3 fire elementals (D:13)
  Grum (D:8)
  4 basilisks
  A warg (Orc:2)
  2 steam dragons
  2 death yak simulacra (Lair:5)
  A spectral cane toad (Lair:5)
  5 swamp worms
  2 hell hounds
  18 water moccasins
  A black bear (Lair:1)
  A sky beast (D:7)
  3 elephant zombies (Lair:5)
  16 orc warriors
  7 ice beasts
  16 wolves
  4 lemures
  6 ogres
  4 elephant skeletons (Lair:5)
  3 centaurs
  2 phantoms
  2 kobold brigands
  13 bullfrogs
  A scorpion (D:4)
  5 wights
  7 killer bees
  An elephant simulacrum (Lair:5)
  8 howler monkeys
  6 bombardier beetles
  4 hounds
  2 jellies
  17 orc priests
  A sleepcap (D:7)
  3 iguanas
  18 orc wizards
  A hell rat (Lair:5)
  4 adders
  10 river rats (Lair:5)
  A shadow imp (D:5)
  2 ufetubi (D:6)
  3 dart slugs
  4 ribbon worms
  94 orcs
  4 bats
  14 endoplasms
  3 giant cockroaches
  8 goblins
  5 hobgoblins
  4 jackals (D:4)
  20 kobolds
  3 quokkas
  8 ball pythons
  A frilled lizard (D:2)
  8 rats
634 creatures vanquished.

Vanquished Creatures (collateral kills)
  Erica (Lair:2)
  Pikel (D:6)
  An ugly thing (D:11)
  Maggie (D:7)
  A troll (D:10)
  A hornet (D:8)
  4 yaks
  A centaur (D:13)
  A scorpion (D:6)
  4 killer bees
  A howler monkey (D:8)
  An orc priest (D:8)
  An orc wizard (D:8)
  An adder (D:6)
  2 orcs
22 creatures vanquished.

Vanquished Creatures (others)
  A human (Lair:3)
  10 foxfires (Swamp:1)
11 creatures vanquished.

Grand Total: 667 creatures vanquished

Notes
Turn   | Place    | Note
-------+----------+-------------------------------------------
     0 | D:1      | FexLirch the Felid Shapeshifter began the quest for the
                  | Orb.
     0 | D:1      | Reached XP level 1. HP: 10/10 MP: 2/2
    94 | D:1      | Found a faded altar of an unknown god.
   131 | D:1      | Prayed at the altar of an unknown god.
   131 | D:1      | Became a worshipper of Makhleb the Destroyer
   131 | D:1      | Reached * piety under Makhleb
   326 | D:1      | Reached XP level 2. HP: 14/14 MP: 3/3
  1101 | D:2      | Reached XP level 3. HP: 18/18 MP: 4/4
  1540 | D:2      | Reached ** piety under Makhleb
  1930 | D:3      | Reached XP level 4. HP: 23/23 MP: 5/5
  1930 | D:3      | Gained a life (2 lives remaining)
  2102 | D:3      | Reached XP level 5. HP: 27/27 MP: 6/6
  2638 | D:4      | Found an ancient bone altar of Kikubaaqudgha.
  2670 | D:4      | Reached skill level 4 in Unarmed Combat
  3283 | D:4      | Found a hazy altar of Hepliaklqana.
  3320 | D:4      | Gained mutation: You are covered in thick fur. (AC +2)
                  | [Felid growth]
  3320 | D:4      | Reached XP level 6. HP: 31/32 MP: 7/7
  3359 | D:4      | Reached *** piety under Makhleb
  3474 | D:5      | Entered Level 5 of the Dungeon
  3513 | D:5      | Found a staircase to the Ecumenical Temple.
  3761 | D:5      | Reached skill level 5 in Unarmed Combat
  3812 | D:5      | Reached skill level 5 in Dodging
  3812 | D:5      | Reached XP level 7. HP: 36/36 MP: 8/8
  3906 | D:5      | Found Litwiydd's Antique Weapon Boutique.
  4005 | D:5      | Found an ornate altar of the Wu Jian Council.
  4008 | D:5      | Found a shadowy altar of Dithmenos.
  4587 | D:6      | Found a shimmering altar of Xom.
  4709 | D:6      | Noticed Pikel
  5073 | D:6      | Reached skill level 6 in Unarmed Combat
  5073 | D:6      | Reached skill level 5 in Shapeshifting
  5073 | D:6      | Reached XP level 8. HP: 27/42 MP: 9/9
  5197 | D:6      | HP: 2/42 [Pikel/+0 whip of flaming (1)]
  5198 | D:6      | Killed from afar by Pikel
  5198 | D:6      | Lost a life (1 life remaining)
  5198 | D:6      | Killed Pikel
  5199 | D:6      | Reached skill level 7 in Unarmed Combat
  5225 | D:6      | Found a glowing golden altar of the Shining One.
  5396 | D:6      | Noticed Eustachio
  5421 | D:6      | Killed Eustachio
  5422 | D:6      | Reached XP level 9. HP: 36/46 MP: 10/10
  5422 | D:6      | Gained a life (2 lives remaining)
  5631 | D:7      | Found a broken altar of Ashenzari.
  5679 | D:7      | Reached skill level 5 in Fighting
  6004 | D:7      | Reached skill level 8 in Unarmed Combat
  6080 | D:7      | Reached **** piety under Makhleb
  6115 | D:7      | Noticed Maggie
  6138 | D:7      | Killed from afar by Maggie
  6138 | D:7      | Lost a life (1 life remaining)
  6165 | D:7      | Killed Maggie
  6181 | D:7      | Reached skill level 1 in Invocations
  6366 | D:8      | Noticed Grum
  6543 | D:8      | Noticed Joseph
  6561 | D:8      | Killed Joseph
  6611 | D:8      | Noticed a two-headed ogre
  6621 | D:8      | Noticed a hellwing
  6736 | D:8      | Killed a two-headed ogre
  6737 | D:8      | Reached skill level 9 in Unarmed Combat
  6737 | D:8      | Reached XP level 10. HP: 53/53 MP: 12/12
  6737 | D:8      | Gained a life (2 lives remaining)
  6884 | D:8      | Identified the +3 ring mail of the Unseen Realm {Dex+3}
  7032 | D:8      | Noticed Psyche
  7051 | D:8      | Killed Psyche
  7126 | D:8      | Killed Grum
  7515 | D:8      | Found a snail-covered altar of Cheibriados.
  7754 | D:9      | Noticed Jeremiah
  7968 | D:9      | Killed Jeremiah
  8174 | D:9      | Found a sacrificial altar of Ru.
  8278 | D:9      | Found a white marble altar of Elyvilon.
  8287 | D:9      | Found a blossoming altar of Fedhas.
  8573 | D:9      | Reached skill level 10 in Unarmed Combat
  8813 | D:10     | Entered Level 10 of the Dungeon
  9027 | D:10     | Noticed Sonja
  9172 | D:10     | Reached XP level 11. HP: 25/58 MP: 14/14
  9347 | D:10     | Found an opulent altar of Gozag.
  9995 | D:10     | Found Unic's General Store.
 10153 | D:10     | Killed Sonja
 10395 | D:11     | Found Diapooh's Jewellery Emporium.
 10464 | D:11     | Noticed a two-headed ogre
 10471 | D:11     | Killed a two-headed ogre
 10553 | D:11     | Reached skill level 10 in Dodging
 10601 | D:11     | Gained mutation: You are dopey. (Int -2) [potion of
                  | mutation]
 10710 | D:11     | Found a staircase to the Lair.
 10837 | D:11     | Noticed a purple ugly thing
 10865 | D:11     | Killed a white ugly thing
 10866 | D:11     | Reached skill level 5 in Invocations
 10867 | D:11     | Noticed a two-headed ogre
 10874 | D:11     | Killed a two-headed ogre
 10875 | D:11     | Reached skill level 11 in Unarmed Combat
 11401 | D:12     | Found the +0 toga "Victory" {*Victory Clar}
 11402 | D:12     | Found a staircase to the Orcish Mines.
 11436 | D:12     | Reached ***** piety under Makhleb
 11549 | D:12     | Gained mutation: Your thick and shaggy fur keeps you warm.
                  | (AC +3, rC+) [Felid growth]
 11549 | D:12     | Reached XP level 12. HP: 44/64 MP: 17/17
 11768 | D:12     | Noticed a death knight
 12111 | D:12     | Reached skill level 1 in Stealth
 12167 | D:12     | Lost mutation: You are dopey. (Int -2) [potion of mutation]
 12167 | D:12     | Gained mutation: You sometimes lose your temper in combat.
                  | [potion of mutation]
 12167 | D:12     | Gained mutation: Your flesh is heat resistant. (rF+)
                  | [potion of mutation]
 12167 | D:12     | Gained mutation: You have an increased reservoir of magic.
                  | (+10% MP) [potion of mutation]
 12592 | D:12     | Identified the blade talisman "Xaemial" {rF+++ Will- Str+3}
 12895 | D:13     | Noticed a five-headed hydra
 12948 | D:13     | Killed a five-headed hydra
 12964 | D:13     | Found Fofetud's Gadget Gallery.
 13167 | D:13     | Reached skill level 10 in Shapeshifting
 13368 | D:13     | Found Bogigh's Antique Weapon Emporium.
 13384 | D:13     | Found a gate to the Vaults.
 13385 | D:13     | Noticed a frost giant
 13739 | D:13     | Noticed Azrael
 13757 | D:13     | Killed Azrael
 13763 | D:13     | Reached skill level 12 in Unarmed Combat
 13969 | Lair:1   | Entered Level 1 of the Lair of Beasts
 14042 | Lair:1   | Found a transporter.
 14463 | Lair:1   | Reached XP level 13. HP: 70/70 MP: 20/20
 14756 | Lair:1   | Found a transporter.
 14931 | Lair:1   | Learned a level 2 spell: Blink
 15082 | Lair:2   | Reached skill level 5 in Stealth
 15165 | Lair:2   | Noticed Erica
 15180 | Lair:2   | Killed Erica
 15716 | Lair:2   | Found an ornate altar of the Wu Jian Council.
 15716 | Lair:2   | Found a hide-covered altar of Uskayaw.
 15842 | Lair:2   | Reached skill level 13 in Unarmed Combat
 16037 | Lair:2   | Found a hole to the Spider Nest.
 16244 | Lair:2   | Found a staircase to the Swamp.
 17216 | Lair:3   | Noticed Kirke
 17223 | Lair:3   | Killed Kirke
 17549 | Lair:4   | Found a runed translucent gate.
 17549 | Lair:4   | Found a runed translucent gate.
 17549 | Lair:4   | Found a runed translucent gate.
 17566 | Lair:4   | Noticed Deost's ghost (journeyman DEFE)
 17566 | Lair:4   | Noticed Fiha's ghost (journeyman VSSh)
 17764 | Lair:4   | Identified the +5 trident "Qanton Afomp" {heavy, rF-
                  | Will++}
 18510 | Lair:5   | Entered Level 5 of the Lair of Beasts
 18528 | Lair:4   | Reached XP level 14. HP: 62/76 MP: 22/22
 18957 | Lair:5   | Reached ****** piety under Makhleb
 19122 | Lair:5   | Reached skill level 10 in Fighting
 19373 | Lair:4   | Reached skill level 14 in Unarmed Combat
 19551 | Lair:5   | Found a viscous altar of Jiyva.
 19551 | Lair:5   | Found a staircase to the Slime Pits.
 19937 | Lair:5   | Identified the +4 morningstar of Ceeliemi {flame, *Noise
                  | rPois rN++ rCorr}
 20897 | Lair:5   | Learned a level 4 spell: Vhi's Electric Charge
 21088 | Orc:1    | Entered Level 1 of the Orcish Mines
 21185 | Orc:1    | Lost mutation: You sometimes lose your temper in combat.
                  | [potion of mutation]
 21185 | Orc:1    | Lost mutation: You have an increased reservoir of magic.
                  | (+10% MP) [potion of mutation]
 21185 | Orc:1    | Gained mutation: You possess an exceptional clarity of
                  | mind. [potion of mutation]
 21185 | Orc:1    | Gained mutation: You are strong-willed. (Will+) [potion of
                  | mutation]
 21384 | Orc:1    | Found a runed translucent door.
 21384 | Orc:1    | Noticed hawla's ghost (journeyman MiFi)
 21632 | Orc:1    | Found a shimmering altar of Xom.
 21714 | Orc:2    | Entered Level 2 of the Orcish Mines
 21714 | Orc:2    | Found a staircase to the Elven Halls.
 21723 | Orc:1    | Reached skill level 1 in Translocations
 21774 | Orc:2    | Found Kops's Book Emporium.
 22075 | Orc:2    | Noticed Josephine
 22082 | Orc:2    | Killed Josephine
 22083 | Orc:2    | Reached XP level 15. HP: 81/81 MP: 22/22
 22255 | Orc:2    | Noticed Erolcha
 22267 | Orc:2    | Killed Erolcha
 22381 | Orc:2    | Found Noab's Magic Scroll Boutique.
 22532 | Orc:2    | HP: 4/81 [orc knight/+3 glaive (22)]
 22888 | Orc:2    | HP: 2/81 [orc knight/+3 glaive (12)]
 23050 | Orc:2    | Found Koki's Distillery.
 23061 | Orc:2    | Bought a potion of degeneration for 14 gold pieces
 23084 | Orc:2    | Found Tyttull's Distillery.
 23116 | Orc:2    | Found Famifom's Weapon Shop.
 23266 | Orc:2    | Bought a scroll of identify for 32 gold pieces
 23266 | Orc:2    | Bought a scroll of identify for 32 gold pieces
 23272 | Orc:2    | Bought a potion of ambrosia for 112 gold pieces
 23321 | Orc:2    | Bought Sif Muna's Guidebook on Translocational Zombies for
                  | 476 gold pieces
 23326 | Orc:2    | Learned a level 4 spell: Manifold Assault
 23326 | Orc:2    | Bought a book of Winter for 476 gold pieces
 23330 | Orc:2    | Learned a level 3 spell: Ozocubu's Armour
 23379 | Orc:2    | Bought a potion of enlightenment for 80 gold pieces
 23556 | Swamp:1  | Entered Level 1 of the Swamp
 23735 | Swamp:1  | HP: 1/81 [acid (8)]
 23736 | Swamp:1  | Slain by a goliath frog
 23736 | Swamp:1  | Lost a life (1 life remaining)
 23777 | Swamp:1  | Reached skill level 15 in Unarmed Combat
 23815 | Swamp:1  | HP: 1/81 [goliath frog (17)]
 23815 | Swamp:1  | Splashed by a goliath frog's acid
 23815 | Swamp:1  | Lost a life (0 lives remaining)
 23930 | Swamp:1  | Reached skill level 10 in Stealth
 23984 | Swamp:1  | HP: 2/81 [acid (8)]
 23987 | Swamp:1  | Killed from afar by an eleionoma

Illustrated notes

Levels and vault maps discovered:
D:1:      onia_arrival_mini_maze, layout_loops_ring,
          shapermc_ecumenical_altar_acropolis
D:2:      layout_loops_ring
D:3:      layout_basic
D:4:      layout_loops_ring, kennysheep_mini_moat, amcnicky_altar_gilded,
          chequers_decorated_corner, kennysheep_small_circle
D:5:      layout_loops_ring, nicolae_overflow_squiral, minmay_temple_entry_hall,
          nicolae_inconvenience_store
D:6:      layout_basic, mainiacjoe_overflow_chevrons, general_overflow_altar,
          uniq_pikel, uniq_eustachio
D:7:      layout_cave_pools, mainiacjoe_overflow_catwalk, uniq_maggie
D:8:      layout_gridville, chei_slow_surprise, minmay_manual_monstrance,
          uniq_joseph, uniq_grum, uniq_psyche
D:9:      layout_loops_corners, old_standard_altar,
          mainiacjoe_overflow_catwalk_spiral, uniq_jeremiah
D:10:     layout_stronghold, nicolae_gozag_seed_capital, serial_shops,
          nicolae_shop_window_shopping, uniq_sonja
D:11:     layout_loops_corners, hellmonk_lair_entry_icy,
          minmay_misc_feat_square, minmay_shop_enchanted_jewellery
D:12:     layout_stronghold, hiddenorc2_lemuel, gauntlet_entry_generic,
          serial_library_hellmonk_hallway_b
D:13:     layout_basic, hellmonk_vaults_attempted_burglary, serial_shops,
          nicolae_square_shop, nicolae_shop_gadgets, uniq_azrael
Lair:1:   gammafunk_worm_tunnel, layout_loops_ring, grunt_megastairs_4
Lair:2:   layout_chaotic_city, palyth_hydra_swamp_entry,
          spider_nest_entry_rubble, nzn_masters_of_martial_movement, uniq_erica
Lair:3:   layout_loops_ring, minmay_holes, grunt_megastairs_1, uniq_kirke
Lair:4:   layout_cave_pods, gammafunk_ghost_cemetery
Lair:5:   due_jungle_book, layout_cellular_growth, slime_entry_2,
          kennysheep_abandoned_house, infiniplex_staircase_pool_2
Swamp:1:  layout_basic_swamp, nicolae_swamp_trees_clearing, swamp_pool_1_2,
          nicolae_swamp_nymph_family_reunion
Orc:1:    layout_diamond_mine, hellmonk_ghost_happy_afterlife,
          regret_index_xom_of_box
Orc:2:    hellmonk_orc_salted, layout_caves, serial_shops, shop_statue,
          uniq_erolcha, uniq_josephine

Skill      XL: |  1  2  3  4  5  6  7  8  9 10 11 12 13 14 15 |
---------------+----------------------------------------------+-----
Dodging        | 3 4 5 7 8 9 10 11 12 13 14 | 14.2
Shapeshifting  | 3 4 5 6 7 8 9 10 11 12 | 12.8
Fighting       | 2 3 4 6 7 8 9 10 | 10.9
Unarmed Combat | 4 5 6 7 9 10 11 12 13 14 15 | 15.1
Invocations    | 2 3 5 6 7 8 9 |  9.1
Stealth        | 4 7 9 10 | 10.0
Translocations | 1 4 |  4.1

Action                     |  1- 3 |  4- 6 |  7- 9 | 10-12 | 13-15 || total
---------------------------+-------+-------+-------+-------+-------++-------
  Melee: Unarmed           |    89 |   113 |   232 |   663 |  1073 ||  2170
         Bite              |    10 |    10 |    30 |    93 |   172 ||   315
         Punch             |     1 |     1 |    13 |     3 |    22 ||    40
   Cast: Blink             |       |       |       |       |     2 ||     2
 Invoke: Minor Destruction |       |    32 |    71 |   180 |   474 ||   757
         Lesser Servant of |       |       |     8 |     7 |     4 ||    19
         Major Destruction |       |       |       |     3 |     1 ||     4
Ability: Begin Untransform |       |       |     1 |       |       ||     1
  Evoke: Wand              |       |       |       |     1 |     1 ||     2
    Use: Scroll            |       |       |     4 |     4 |    16 ||    24
         Potion            |       |       |     1 |     3 |     6 ||    10
   Stab: Sleeping          |     3 |     1 |       |       |     1 ||     5
         Distracted        |       |       |       |     1 |       ||     1
 Armour: Skin              |    23 |    25 |    87 |   162 |   296 ||   593
  Dodge: Dodged            |    53 |    65 |   206 |   561 |  1046 ||  1931
   Form: Flux              |       |       |     1 |     1 |       ||     2
         Blade             |       |       |       |     1 |     1 ||     2
